 Dungeon Crawl Stone Soup version 0.31-a0-744-gbc345e7fcb (webtiles) character file.

Game seed: 1809634333841592132

264 GigaChad the Shield-Bearer (level 6, -3/49 HPs)
             Began as a Formicid Fighter on Sept 13, 2023.
             Succumbed to Ijyb's poison
             ... on level 3 of the Dungeon.
             The game lasted 00:02:16 (1774 turns).

GigaChad the Shield-Bearer (Formicid Fighter)       Turns: 1774, Time: 00:02:17

Health: -3/49      AC: 11    Str: 23    XL:     6   Next: 43%
Magic:  6/6        EV:  8    Int:  7    God:
Gold:   100        SH:  6    Dex: 19    Spells: 5/5 levels left

rFire   . . .        a - +0 war axe
rCold   . . .        c - +0 buckler
rNeg    . . .        w - +2 chain mail {Will+}
rPois   .            (helmet unavailable)
rElec   .            (no cloak)
rCorr   .            (no gloves)
SInv    +            (no boots)
Will    +....        (no amulet) Stlth
                     g - ring "Faigg" {Dex+6 Stlth+}
HPRegen 0.28/turn    (no ring)
MPRegen 0.10/turn

%: no passive effects
@: lethally poisoned (-3 -> -15)
A: permanent stasis, dig shafts and tunnels, antennae 3, four strong arms
a: Dig, Shaft Self


You were on level 3 of the Dungeon.
You visited 1 branch of the dungeon, and saw 3 of its levels.

You collected 100 gold pieces.

Inventory:

Hand Weapons
 a - a +0 war axe (weapon)
Missiles
 k - 2 throwing nets
Armour
 b - a +0 scale mail
 c - a +0 buckler (worn)
 w - a +2 chain mail of willpower (worn)
Jewellery
 e - an amulet of magic regeneration
 g - the ring "Faigg" (left hand) {Dex+6 Stlth+}
   (You acquired it on level 3 of the Dungeon)

   [ring of dexterity]

   Dex+6:     It affects your dexterity (+6).
   Stlth+:    It makes you more stealthy.
 n - a ring of magical power
Wands
 u - a wand of acid (10)
Scrolls
 h - a scroll of teleportation {unknown}
 i - 2 scrolls of revelation
 l - a scroll of silence
 m - 2 scrolls of amnesia
 q - a scroll of blinking {unknown}
Potions
 d - a potion of might
 f - a potion of attraction {unknown}
 j - a potion of brilliance {unknown}
 s - 2 potions of mutation {unknown}
 t - 2 potions of curing {unknown}
 v - a potion of lignification {unknown}


   Skills:
 * Level 4.4 Fighting
 * Level 4.5 Axes
 * Level 4.3 Armour
 * Level 4.9 Shields


You had 5 spell levels left.
You didn't know any spells.
Your spell library was empty.

Dungeon Overview and Level Annotations

Branches:
Dungeon (3/15)

Altars:


Innate Abilities, Weirdness & Mutations

You cannot be hasted, slowed, berserked, paralysed or teleported.
You can dig through walls and to a lower floor.
You have a pair of large antennae on your head. (SInv)
Your four strong arms can wield two-handed weapons with a shield.


Message History

You closely miss Ijyb.
Ijyb is moderately wounded.
You barely miss the orc. The orc hits you but does no damage.
Ijyb hits you with a +0 dagger of venom.
You are poisoned.
Unknown command.
You hit Ijyb.
Ijyb is heavily wounded.
You hit the orc.
You feel very sick. The orc hits you with a +0 short sword.
Ijyb hits you but does no damage.
Unknown command.
You barely miss Ijyb.
Ijyb is heavily wounded.
You hit the orc but do no damage.
You feel sick.
A kobold comes into view. It is wielding a +0 dagger.
The orc hits you but does no damage. Ijyb hits you but does no damage.
You are more poisoned.
You slash Ijyb!
Ijyb is severely wounded.
You closely miss the orc.
You feel very sick.
Ijyb hits you with a +0 dagger of venom.
* * * LOW HITPOINT WARNING * * *
You are lethally poisoned!
The orc hits you but does no damage. x2
Ijyb hits you with a +0 dagger of venom.
* * * LOW HITPOINT WARNING * * *
You hit Ijyb.
Ijyb is almost dead.
You barely miss the orc.
* * * LOW HITPOINT WARNING * * *
You feel very sick. You block the orc's attack.
Ijyb zaps a wand.
You resist with almost no effort.
Unknown command.
You hit Ijyb.
You kill Ijyb!
You hit the orc.
You kill the orc!
You die...

#####..
######.....####
..............
####............ ..
...#....?....... ..
#.<............ #.
#....)....!.. ##.##
#...)@...K... ....
+....)....... #..
#............
#..###............
#......###########
.#####..##############
......).###..........#
.###......#..........#
+....#.#..........#


You could see a kobold.

Vanquished Creatures
  Sigmund (D:3)
  Ijyb (D:3)
  Terence (D:3)
  An orc wizard (D:3)
  A worm (D:2)
  A dart slug (D:1)
  5 orcs (D:3)
  10 ball pythons
  7 endoplasms
  7 goblins
  4 hobgoblins
  3 jackals (D:2)
  4 kobolds
  2 quokkas
  3 bats (D:1)
  A frilled lizard (D:2)
  5 rats
57 creatures vanquished.

Notes
Turn   | Place    | Note
-------+----------+-------------------------------------------
     0 | D:1      | GigaChad the Formicid Fighter began the quest for the Orb.
     0 | D:1      | Reached XP level 1. HP: 18/18 MP: 1/1
   156 | D:1      | Reached XP level 2. HP: 22/24 MP: 2/2
   342 | D:1      | Reached XP level 3. HP: 29/29 MP: 3/3
  1046 | D:2      | Reached XP level 4. HP: 31/37 MP: 4/4
  1546 | D:3      | Noticed Sigmund
  1560 | D:3      | Killed Sigmund
  1561 | D:3      | Reached XP level 5. HP: 42/42 MP: 5/5
  1561 | D:3      | Reached XP level 6. HP: 48/48 MP: 6/6
  1650 | D:3      | Identified a scroll of acquirement
  1651 | D:3      | Acquired the ring "Faigg" {Dex+6 Stlth+}
  1674 | D:3      | Noticed Terence
  1686 | D:3      | Killed Terence
  1762 | D:3      | Noticed Ijyb
  1773 | D:3      | HP: 1/49 [poisoned by Ijyb]
  1774 | D:3      | Killed Ijyb
  1774 | D:3      | Succumbed to Ijyb's poison

Illustrated notes

Levels and vault maps discovered:
D:1:      dpeg_arrival_chambers_temple_mockup, layout_rooms,
          kennysheep_minor_cross
D:2:      kennysheep_big_flooded_room, layout_basic, chequers_big_river
D:3:      layout_basic, uniq_jessica, uniq_sigmund, uniq_terence, uniq_ijyb

Skill      XL: |  1  2  3  4 |
---------------+-------------+-----
Fighting       | 4 |  4.4
Axes           | 4 |  4.5
Armour         | 4 |  4.3
Shields        | |  4.9

Action                     |  1- 3 |  4- 6 || total
---------------------------+-------+-------++-------
  Melee: War axe           |    84 |    54 ||   138
    Use: Scroll            |       |     8 ||     8
 Armour: Scale mail        |    79 |    18 ||    97
         Chain mail        |       |    35 ||    35
  Dodge: Dodged            |    55 |    22 ||    77
  Block: Buckler           |    34 |    16 ||    50

Table legend: (Time is in decaauts)
 A = Elapsed time spent in this place.
 B = Non-inter-level travel time spent in this place.
 C = Inter-level travel time spent in this place.
 D = Time resting spent in this place.
 E = Time spent auto-exploring this place.
 F = Levels seen in this place.
 G = Mean time per level.
                   A        B        C        D        E       F      G
               +--------+--------+--------+--------+--------+-----+--------+
         Total |   1835 |   1773 |     62 |    217 |   1195 |   3 |  611.7 |
       Dungeon |   1835 |   1773 |     62 |    217 |   1195 |   3 |  611.7 |
               +--------+--------+--------+--------+--------+-----+--------+

Top non-repeatable levels by time:
     D:1: 855 daAuts
     D:2: 738 daAuts
     D:3: 241 daAuts
